AoeStats
← IamDragonFire

Arabia

509956984Analyzed
2v2 RM · 2d ago on Sep 28, 2026· 16m 12s· 4 players
Game mode
Random Map
Map size
Medium (4 player)
Population
200
Speed
Normal
Resources
Standard
Victory
Conquest
Starting age
Dark Age
Ending age
Imperial Age
RankedLock teamsTeams togetherTeam positionsShared explorationLock speedFull tech treeHidden civsTurbo modeCheats
Victory
Defeat
🇨🇭 Muisca · Switzerland
1592
+13
🇨🇭 Magyars · Switzerland
1358
+48
🇹🇷 Saxons · Türkiye
1635
-22
🇫🇷 Cumans · France
1376
-12
IamDragonFire
6:16 Loom
9:21 Feudal Age
10:04 Double-Bit Axe
[BÜN] Swissblaze
7:11 Loom
9:21 Feudal Age
10:17 Double-Bit Axe
10:37 Champi Runner
13:04 Fletching
Polito
7:15 Loom
9:49 Feudal Age
10:19 Double-Bit Axe
zizu
6:09 Loom
8:35 Feudal Age
9:28 Double-Bit Axe
11:40 Horse Collar
13:41 Fletching
Connection lost

Rejoining the realm…

Still unreachable

The connection could not be restored.

Session expired

The server has moved on; the page needs a fresh start.